 Dungeon Crawl Stone Soup version 0.31.0-11-ge490571c62 (webtiles) character file.

Game seed: 9430827063800026004

1415 Rassilon the Insei (level 8, -7/63 HPs)
             Began as a Demonspawn Monk on Feb 1, 2024.
             Splashed by a jelly's acid (10 damage)
             ... on level 5 of the Dungeon.
             The game lasted 00:21:10 (5676 turns).

Rassilon the Insei (Demonspawn Monk)                Turns: 5676, Time: 00:21:10

Health: -7/63      AC:  0    Str: 20    XL:     8   Next: 43%
Magic:  11/11      EV: 16    Int: 11    God:
Gold:   239        SH:  0    Dex: 15    Spells: 8/11 levels left

rFire   . .          .
                       - Unarmed
rCold   . . .        (no shield)
rNeg    . . .        a - +0 robe
rPois   +            (no helmet)
rElec   .            u - +0 cloak {rPois}
rCorr   .            (no gloves)
SInv    .            l - +0 pair of boots
Will    .....        (no amulet)
Stlth   +            b - ring of flight
HPRegen 0.30/turn    g - +6 ring of strength
MPRegen 0.12/turn

%: no passive effects
@: weak-willed, corroded, flying
A: claws 2, repulsion field 1, demonic guardian 1, powered by death 1
a: no special abilities


You were on level 5 of the Dungeon.
You visited 2 branches of the dungeon, and saw 6 of its levels.

You collected 296 gold pieces.
You spent 57 gold pieces at shops.

Inventory:

Missiles
 i - 4 curare-tipped darts
 p - a throwing net
Armour
 a - a +0 robe (worn)
 l - a +0 pair of boots (worn)
 u - a +0 cloak of poison resistance (worn)
Jewellery
 b - a ring of flight (left claw)
 g - a +6 ring of strength (right claw)
 r - an amulet of reflection
Scrolls
 d - 3 scrolls of poison
 f - a scroll of teleportation
 h - a scroll of identify
 k - a scroll of vulnerability
Potions
 e - 2 potions of cancellation
 j - 2 potions of attraction
 n - a potion of invisibility
 o - a potion of mutation {unknown}
 q - a potion of curing {unknown}
 s - a potion of ambrosia
 t - a potion of magic {unknown}


   Skills:
 + Level 5.4 Fighting
 + Level 3.7 Throwing
 + Level 4.9 Dodging
 * Level 6.3 Unarmed Combat
 + Level 2.2 Spellcasting


You had 8 spell levels left.
You knew the following spells:

 Your Spells              Type           Power      Damage    Failure   Level
a - Confusing Touch       Hex            1%         N/A       65%         3

Your spell library contained the following spells:

 Spells                   Type           Power      Damage    Failure   Level
 Kiss of Death            Conj/Necr      4%         2d5       28%         1
 Dispel Undead            Necr           1%         3d6       96%         4


Dungeon Overview and Level Annotations

Branches:
Dungeon (5/15)             Temple (1/1) D:4

Altars:
Ashenzari
Cheibriados
Dithmenos
Fedhas
Gozag
Hepliaklqana
Makhleb
Okawaru
Qazlal
Sif Muna
Trog
Uskayaw
Vehumet
Yredelemnul

Shops:
D:3 (   D:5 (


Innate Abilities, Weirdness & Mutations

You have very sharp fingernails.
You are surrounded by a mild repulsion field. (EV +2)
A weak demonic guardian rushes to your aid.
You regenerate a little health from kills.


Message History

You claw the slime creature!
The slime creature is almost dead.
The slime creature closely misses you.
You scratch the slime creature but do no damage.
The slime creature is almost dead.
The slime creature closely misses you.
You claw the slime creature!
The slime creature is almost dead.
The slime creature hits you!
You claw the slime creature!
You kill the slime creature!
You scratch the endoplasm. You claw the endoplasm.
You kill the endoplasm!
You see here a +0 short sword.
You scratch the jelly but do no damage. The acid corrodes you!
Your claws burn!
A demonic guardian appears!
The jelly hits you.
You are splashed with acid!
* * * LOW HITPOINT WARNING * * *
You swap places.
The jelly hits your quasit.
Your quasit is splashed with acid!
Your quasit bites the jelly.
The acid corrodes your quasit!
Your quasit is burned by acid!
Your quasit claws the jelly.
Your quasit is burned by acid!
Your quasit claws the jelly.
Your quasit is burned by acid!
Your quasit dies!
Your quasit disappears in a puff of smoke!
There is an open door here.
You reach down and close the door.
You hear a slurping noise.
The jelly eats the door!
The endoplasm jiggles.
The jelly hits you.
* * * LOW HITPOINT WARNING * * *
You are splashed with acid!
* * * LOW HITPOINT WARNING * * *
You see here a +0 club.
The jelly attacks as it pursues you! The jelly hits you.
* * * LOW HITPOINT WARNING * * *
You are splashed with acid!
You die...

#.# ....(.(..# #.#
#######'# ..# ##.J)J.(##
### #.######## ##.......#
####J...# #######
#.......# ......#
#...J...# .####.#
#...@...# .#
#.#######.......###### .#
#......###.....###...#
.#########.####...####.#.#
......#.....###'''###..#.#
............##.....##.##.#
#####.#.....))##.####.##.#
......####.#)..#.#..#.##.#
.......))).....#.#..#.##.#


You could see a jelly and an endoplasm.

Vanquished Creatures
  2 slime creatures (D:5)
  2 phantoms
  2 kobold brigands (D:5)
  2 scorpions
  2 bombardier beetles
  A hound (D:4)
  A jelly (D:5)
  A sleepcap (D:4)
  4 iguanas
  An orc wizard (D:3)
  6 adders
  7 gnolls
  2 ufetubi (D:5)
  A dart slug (D:1)
  A ribbon worm (D:4)
  18 orcs
  9 bats
  8 endoplasms
  14 giant cockroaches
  5 goblins
  8 hobgoblins
  3 jackals (D:1)
  15 kobolds
  6 quokkas
  7 ball pythons
  4 frilled lizards
  7 rats
139 creatures vanquished.

Vanquished Creatures (collateral kills)
  An ogre (D:5)
  A jelly (D:5)
  3 orcs
  2 endoplasms (D:5)
  2 quokkas (D:3)
  A ball python (D:3)
10 creatures vanquished.

Grand Total: 149 creatures vanquished

Notes
Turn   | Place    | Note
-------+----------+-------------------------------------------
     0 | D:1      | Rassilon the Demonspawn Monk began the quest for the Orb.
     0 | D:1      | Reached XP level 1. HP: 18/18 MP: 1/1
   128 | D:1      | Gained mutation: You are surrounded by a mild repulsion
                  | field. (EV +2) [demonic ancestry]
   128 | D:1      | Reached XP level 2. HP: 21/24 MP: 2/2
   204 | D:1      | Reached skill level 3 in Unarmed Combat
   468 | D:1      | Gained mutation: You have sharp fingernails. [demonic
                  | ancestry]
   468 | D:1      | Reached XP level 3. HP: 26/29 MP: 3/3
  1414 | D:2      | Reached skill level 1 in Throwing
  1730 | D:2      | Reached XP level 4. HP: 35/36 MP: 4/4
  1808 | D:3      | Noticed a scorpion
  1845 | D:3      | Killed a scorpion
  1854 | D:3      | Gained mutation: A weak demonic guardian rushes to your
                  | aid. [demonic ancestry]
  1854 | D:3      | Reached XP level 5. HP: 30/42 MP: 5/5
  1871 | D:3      | HP: 1/42 [iguana (14)]
  2207 | D:3      | Reached skill level 4 in Unarmed Combat
  2433 | D:3      | Found a bloodstained altar of Trog.
  2713 | D:3      | Gained mutation: You have very sharp fingernails. [demonic
                  | ancestry]
  2713 | D:3      | Reached XP level 6. HP: 26/48 MP: 6/6
  2947 | D:3      | Found Duunureali's Weapon Shop.
  2950 | D:3      | Bought 4 curare-tipped darts for 57 gold pieces
  3726 | D:4      | Reached skill level 5 in Unarmed Combat
  3726 | D:4      | Reached XP level 7. HP: 55/55 MP: 7/7
  3809 | D:4      | Learned a level 3 spell: Confusing Touch
  3839 | D:4      | Found a staircase to the Ecumenical Temple.
  3848 | Temple   | Entered the Ecumenical Temple
  3921 | D:5      | Entered Level 5 of the Dungeon
  4232 | D:5      | Reached skill level 1 in Spellcasting
  4478 | D:5      | Found a stormy altar of Qazlal.
  4478 | D:5      | Found a hide-covered altar of Uskayaw.
  4478 | D:5      | Found a broken altar of Ashenzari.
  4478 | D:5      | Found an iron altar of Okawaru.
  4478 | D:5      | Found a basalt altar of Yredelemnul.
  4478 | D:5      | Noticed a slime creature
  4478 | D:5      | Noticed a slime creature
  4492 | D:5      | Reached skill level 5 in Fighting
  4767 | D:5      | Found Hoxzod's Weapon Shoppe.
  5128 | D:5      | Gained mutation: You regenerate a little health from kills.
                  | [demonic ancestry]
  5128 | D:5      | Reached XP level 8. HP: 62/62 MP: 10/10
  5614 | D:5      | Killed a slime creature
  5615 | D:5      | Reached skill level 6 in Unarmed Combat
  5660 | D:5      | Killed a slime creature
  5676 | D:5      | HP: 3/63 [jelly (2)]
  5676 | D:5      | Splashed by a jelly's acid

Illustrated notes

Levels and vault maps discovered:
D:1:      co_arrival_square_in_a_square_in_a_square, layout_loops_ring,
          minmay_door_square, minmay_misc_feat_iff, minmay_hexomino_f4
D:2:      minmay_roachtagon, layout_loops_corners
D:3:      layout_loops_ring, nicolae_overflow_crystal_walls,
          mainiacjoe_overflow_cross_hatched, serial_shops,
          nicolae_shop_tiny_real_fake_doors, minmay_joined_circles
D:4:      layout_rooms, lemuel_temple_firewalk_a
D:5:      cheibrodos_fertilizer, layout_basic, serial_shops, shop,
          kennysheep_generic_room_3
Temple:   oiseaux_autumnal_temple

Skill      XL: |  1  2  3  4  5  6  7  8 |
---------------+-------------------------+-----
Unarmed Combat | 3 4 5 6 |  6.3
Dodging        | 3 4 |  4.9
Throwing       | 1 2 3 |  3.7
Fighting       | 4 5 |  5.4
Spellcasting   | 1 2 |  2.2

Action                     |  1- 3 |  4- 6 |  7- 9 || total
---------------------------+-------+-------+-------++-------
  Melee: Unarmed           |   149 |   185 |   128 ||   462
         Punch             |     2 |     6 |     4 ||    12
  Throw: Boomerang         |    24 |    30 |       ||    54
         Dart              |       |     6 |    42 ||    48
    Use: Scroll            |     3 |       |     6 ||     9
         Potion            |       |     2 |       ||     2
   Stab: Sleeping          |     1 |     2 |       ||     3
 Armour: Robe              |    54 |    82 |    60 ||   196
  Dodge: Dodged            |   115 |   120 |    88 ||   323
